 Dungeon Sprint DCSS version 0.29.1-15-g9cfb28693d (webtiles) character file.

Game seed: 3454172553866392362

21284 boopmooplesden the Executioner (level 12, -3/137 HPs)
             Began as a Minotaur Berserker on Mar 11, 2023.
             Was the Champion of Trog.
             Slain by an ettin
             ... wielding a +0 great mace
              (18 damage)
             ... in the Dungeon (Sprint IX: "|||||||||||||||||||||||||||||").
             The game lasted 00:05:48 (2246 turns).

boopmooplesden the Executioner (Minotaur Berserker) Turns: 2246, Time: 00:05:48

Health: -3/137     AC: 31    Str: 33    XL:     12   Next: 52%
Magic:  0/3        EV: 11    Int:  3    God:    Trog [******]
Gold:   713        SH:  0    Dex: 11    Spells: 11/11 levels left

rFire   + . .      SeeInvis +   q - +2 executioner's axe (antimagic)
rCold   . . .      Faith    .   (shield currently unavailable)
rNeg    . . .      Spirit   +   x - +6 plate armour {rF+}
rPois   .          Reflect  .   (helmet restricted)
rElec   +          Harm     .   u - +0 cloak
rCorr   .          Rampage  .   z - +1 pair of gloves "Lesk" {Int+4}
Will    ++...      NoTele   +   y - +0 pair of boots of Fuxen {rElec Int-5 SInv Stlth+}
Stlth   ..........              p - amulet of Gaogrein {Spirit Str+4}
HPRegen 1.32/turn               n - +3 ring of strength
MPRegen 0.08/turn               m - +2 ring of protection

@: strong-willed, regenerating
A: horns 2, retaliatory headbutt
a: Renounce Religion, Berserk, Trog's Hand, Brothers in Arms


You were in the Dungeon.
You worshipped Trog.
Trog was exalted by your worship.
You visited 1 branch You collected 1829 gold pieces.
You spent 1116 gold pieces at shops.

Inventory:

Hand Weapons
 a - a +0 hand axe
 k - a +3 war axe of freezing
 q - a +2 antimagic executioner's axe (weapon)
 r - a +3 vorpal battleaxe
 w - a +2 vorpal executioner's axe
Armour
 b - a +0 animal skin
 l - a +0 plate armour
 t - a +2 buckler of fire resistance
 u - a +0 cloak (worn)
 x - a +6 plate armour of fire resistance (worn)
 y - the +0 pair of boots of Fuxen (worn) {rElec Int-5 SInv Stlth+}
   (You bought it in a shop in the Dungeon)

   Int:       It affects your intelligence (-5).
   rElec:     It insulates you from electricity.
   SInv:      It lets you see invisible.
   Stlth:     It makes you more stealthy.
 z - the +1 pair of gloves "Lesk" (worn) {Int+4}
   (You acquired it in the Dungeon)

   Int:       It affects your intelligence (+4).
Jewellery
 m - a +2 ring of protection (right hand)
 n - a +3 ring of strength (left hand)
 p - an amulet of Gaogrein (around neck) {Spirit Str+4}
   (You bought it in a shop in the Dungeon)

   [amulet of guardian spirit]

   It causes incoming damage to be divided between your reserves of health and
   magic.
   Str:       It affects your strength (+4).
 A - a ring of protection from fire
 B - a ring of fire
 C - a ring of protection from cold
 D - a ring of willpower
Wands
 f - a wand of mindburst (13)
 j - a wand of roots (10)
Scrolls
 h - 6 scrolls of blinking
 o - 3 scrolls of identify
 F - 2 scrolls of enchant weapon
Potions
 c - 7 potions of curing
 d - 7 potions of heal wounds
 e - a potion of haste
 g - a potion of berserk rage
 i - a potion of invisibility
 s - a potion of flight
 v - 4 potions of magic
 E - a potion of resistance


   Skills:
 + Level 21.9 Fighting
 + Level 25.8 Axes
 + Level 16.1 Armour
 + Level 8.8 Dodging
 + Level 1.1 Stealth


You had 11 spell levels left.
You didn't know any spells.
Your spell library was empty.

Dungeon Overview and Level Annotations

Branches:
Dungeon (1/1)

Altars:
Cheibriados
Dithmenos
Elyvilon
Fedhas
Gozag
Hepliaklqana
Kikubaaqudgha
Makhleb
Nemelex Xobeh
Okawaru
Qazlal
Ru
Sif Muna
Trog
Uskayaw
Vehumet
Wu Jian
Xom
Yredelemnul
Zin
The Shining One
Jiyva
Lugonu

Shops:
D ?*[=


Innate Abilities, Weirdness & Mutations

You have a pair of horns on your head.
You reflexively headbutt those who attack you in melee.


Message History

2 large rocks; a cyclops corpse An ettin comes into view.
It is wielding a +0 great mace and a +0 dire flail.
The ettin shouts in stereo!
Things that are here:
a +0 glaive; a +0 plate armour The frost giant hits you with a +1 battleaxe of freezing!
The frost giant freezes you.
You slice the frost giant!!
The frost giant's magic leaks into the air.
The frost giant is moderately wounded.
The frost giant hits you with a +1 battleaxe of freezing!!
The frost giant freezes you.
You slice the frost giant!!
The frost giant's magic leaks into the air.
The frost giant is heavily wounded.
The frost giant falters for a moment.
You barely miss the frost giant.
The frost giant is heavily wounded.
You slice the frost giant!!
The frost giant's magic leaks into the air.
The frost giant is almost dead.
The frost giant closely misses you.
You slice the frost giant!!
You kill the frost giant!
Trog accepts your kill.
Trog appreciates your killing of a magic user.
You slice the ettin!!
You headbutt the ettin, but do no damage.
The ettin is moderately wounded.
You barely miss the ettin. You headbutt the ettin.
The ettin is moderately wounded.
The ettin hits you with a +0 great mace!!
* * * LOW HITPOINT WARNING * * *
The ettin hits you but does no damage.
You slice the ettin!!
The ettin is severely wounded.
The ettin hits you with a +0 great mace!
* * * LOW HITPOINT WARNING * * *
The ettin hits you with a +0 dire flail!!
You die...

▓.▓.▓.▓.▓.▓.▓
▓.▓.▓.▓.▓.▓.▓)▓
▓.▓.▓.▓.▓'▓.▓.▓
▓.▓.▓.▓.▓.▓.▓.▓
▓.▓.▓∩▓.▓.▓.▓)▓
▓.▓.▓.▓.▓.▓.▓)▓
▓.▓.▓∩▓)▓[▓.▓.▓
▓C▓.▓)▓.▓.▓.▓.▓
▓@▓.▓∩▓.▓.▓.▓.▓
▓)▓.▓.▓.▓.▓.▓[▓
▓(▓.▓∩▓.▓.▓.▓[▓
▓[▓)▓)▓.▓.▓.▓.▓
▓†▓.▓)▓.▓.▓.▓)▓
▓)▓.▓)▓.▓.▓.▓?▓
▓)▓.▓)▓.▓†▓.▓.▓
▓.▓.▓)▓.▓†▓.▓'▓
▓)▓.▓)▓.▓.▓.▓_▓


You could see an ettin.

Vanquished Creatures
  A frost giant (D)
  A stone giant (D)
  A spark wasp (D)
  Josephine (D)
  A hydra (D)
  A centaur warrior (D)
  A tengu warrior (D)
  2 orc high priests (D)
  4 orc knights (D)
  3 orc sorcerers (D)
  An ugly thing (D)
  Maurice (D)
  3 cyclopes (D)
  An elephant (D)
  2 cane toads (D)
  2 komodo dragons (D)
  An unseen horror (D)
  A rime drake (D)
  A tengu conjurer (D)
  A troll (D)
  3 polar bears (D)
  3 blink frogs (D)
  A dream sheep (D)
  3 wraiths (D)
  2 shadows (D)
  A wyvern (D)
  2 yaks (D)
  2 basilisks (D)
  An acid dragon (D)
  2 water moccasins (D)
  7 black bears (D)
  8 orc warriors (D)
  A centaur (D)
  An ogre (D)
  A phantom (D)
  A scorpion (D)
  2 orc priests (D)
  A gnoll bouda (D)
  6 orc wizards (D)
  An adder (D)
  An ufetubus (D)
  12 orcs (D)
  A ball python (D)
  2 endoplasms (D)
  A hobgoblin (D)
  A kobold (D)
97 creatures vanquished.

Vanquished Creatures (collateral kills)
  A boulder beetle (D)
  A deep troll shaman (D)
  A tengu warrior (D)
  2 orc knights (D)
  An orc sorcerer (D)
  A manticore (D)
  An orc (D)
8 creatures vanquished.

Grand Total: 105 creatures vanquished

Notes
Turn   | Place    | Note
-------+----------+-------------------------------------------
     0 | D        | boopmooplesden the Minotaur Berserker began the quest for
                  | the Orb.
     0 | D        | Reached XP level 1. HP: 19/19 MP: 0/0
     5 | D        | Reached skill level 4 in Axes
     6 | D        | Reached ** piety under Trog
    15 | D        | Noticed a phantom
    15 | D        | Noticed a scorpion
    15 | D        | Noticed an ogre
    18 | D        | Reached skill level 5 in Axes
    18 | D        | Reached XP level 2. HP: 28/28 MP: 1/1
    19 | D        | Killed an ogre
    19 | D        | Reached *** piety under Trog
    20 | D        | Reached skill level 7 in Axes
    20 | D        | Reached XP level 3. HP: 39/39 MP: 2/2
    20 | D        | Reached XP level 4. HP: 47/47 MP: 3/3
    27 | D        | Killed a scorpion
    28 | D        | Reached skill level 9 in Axes
    28 | D        | Reached XP level 5. HP: 56/56 MP: 4/4
    30 | D        | Killed a phantom
    31 | D        | Reached skill level 10 in Axes
    31 | D        | Reached skill level 5 in Armour
    36 | D        | Found a snail-covered altar of Cheibriados.
    36 | D        | Found a shadowy altar of Dithmenos.
    36 | D        | Found a white marble altar of Elyvilon.
    36 | D        | Found a blossoming altar of Fedhas.
    36 | D        | Found an opulent altar of Gozag.
    37 | D        | Found a hazy altar of Hepliaklqana.
    38 | D        | Found a viscous altar of Jiyva.
    39 | D        | Found an ancient bone altar of Kikubaaqudgha.
    40 | D        | Found a corrupted altar of Lugonu.
    41 | D        | Found a burning altar of Makhleb.
    42 | D        | Found a sparkling altar of Nemelex Xobeh.
    43 | D        | Found an iron altar of Okawaru.
    44 | D        | Found a stormy altar of Qazlal.
    45 | D        | Found a sacrificial altar of Ru.
    46 | D        | Found a shimmering blue altar of Sif Muna.
    47 | D        | Found a bloodstained altar of Trog.
    48 | D        | Found a hide-covered altar of Uskayaw.
    49 | D        | Found a radiant altar of Vehumet.
    50 | D        | Found an ornate altar of the Wu Jian Council.
    51 | D        | Found a shimmering altar of Xom.
    52 | D        | Found a basalt altar of Yredelemnul.
    53 | D        | Found a glowing silver altar of Zin.
    54 | D        | Found a glowing golden altar of the Shining One.
   101 | D        | Noticed a centaur
   101 | D        | Noticed an acid dragon
   101 | D        | Noticed a shadow
   101 | D        | Noticed a wyvern
   102 | D        | Reached **** piety under Trog
   105 | D        | Killed a wyvern
   106 | D        | Reached skill level 10 in Fighting
   106 | D        | Reached skill level 11 in Axes
   106 | D        | Reached skill level 5 in Dodging
   106 | D        | Reached XP level 6. HP: 67/67 MP: 5/5
   110 | D        | Killed a shadow
   110 | D        | Reached ***** piety under Trog
   111 | D        | Reached skill level 12 in Axes
   111 | D        | Reached XP level 7. HP: 72/74 MP: 6/6
   112 | D        | Reached skill level 13 in Axes
   260 | D        | Noticed a shadow
   260 | D        | Noticed a boulder beetle
   260 | D        | Noticed a cyclops
   260 | D        | Noticed a centaur warrior
   260 | D        | Noticed a troll
   263 | D        | Killed a troll
   264 | D        | Reached skill level 14 in Axes
   267 | D        | Killed a centaur warrior
   267 | D        | Received a gift from Trog
   268 | D        | Reached skill level 15 in Axes
   268 | D        | Reached XP level 8. HP: 88/88 MP: 7/7
   271 | D        | Killed a cyclops
   272 | D        | Reached skill level 16 in Axes
   272 | D        | Killed an unseen horror
   273 | D        | Reached XP level 9. HP: 77/96 MP: 8/8
   292 | D        | Killed a boulder beetle
   293 | D        | Reached skill level 15 in Fighting
   293 | D        | Reached skill level 17 in Axes
   293 | D        | Reached skill level 10 in Armour
   703 | D        | Noticed a cane toad
   703 | D        | Noticed a komodo dragon
   703 | D        | Noticed a komodo dragon
   703 | D        | Noticed a rime drake
   708 | D        | Killed a rime drake
   712 | D        | Killed a komodo dragon
   713 | D        | Reached skill level 18 in Axes
   714 | D        | Received a gift from Trog
   720 | D        | Noticed an elephant
   721 | D        | Killed a komodo dragon
   723 | D        | Killed a cane toad
   724 | D        | Reached XP level 10. HP: 108/108 MP: 9/9
   731 | D        | Reached skill level 19 in Axes
   733 | D        | Killed an elephant
   999 | D        | Noticed a seven-headed hydra
  1006 | D        | Noticed a cane toad
  1007 | D        | Killed a ten-headed hydra
  1007 | D        | Received a gift from Trog
  1008 | D        | Reached skill level 20 in Axes
  1017 | D        | Killed a cane toad
  1061 | D        | Reached skill level 1 in Stealth
  1063 | D        | Reached ****** piety under Trog
  1076 | D        | Reached XP level 11. HP: 96/119 MP: 3/10
  1191 | D        | Noticed Maurice
  1199 | D        | Killed Maurice
  1200 | D        | Reached skill level 21 in Axes
  1268 | D        | Received a gift from Trog
  1279 | D        | Received a gift from Trog
  1294 | D        | Received a gift from Trog
  1329 | D        | Noticed an orc knight
  1339 | D        | Killed an orc knight
  1343 | D        | Noticed an orc knight
  1344 | D        | Received a gift from Trog
  1345 | D        | Noticed an orc high priest
  1357 | D        | Killed an orc knight
  1358 | D        | Reached skill level 22 in Axes
  1367 | D        | Noticed a sun demon
  1369 | D        | Killed an orc high priest
  1369 | D        | Received a gift from Trog
  1790 | D        | Found Nauppeov's Jewellery Boutique.
  1790 | D        | Noticed an orc sorcerer
  1790 | D        | Noticed an orc knight
  1790 | D        | Noticed an orc high priest
  1792 | D        | Noticed a soul eater
  1794 | D        | Killed an orc high priest
  1798 | D        | Killed an orc knight
  1799 | D        | Found Vetzap's Antique Armour Shop.
  1803 | D        | Killed an orc sorcerer
  1803 | D        | Noticed an orc sorcerer
  1804 | D        | Reached skill level 23 in Axes
  1807 | D        | Found Ducouz's General Store.
  1811 | D        | Killed an orc sorcerer
  1811 | D        | Received a gift from Trog
  1812 | D        | Found Aklar's Magic Scroll Shop.
  1814 | D        | Noticed an orc sorcerer
  1816 | D        | Noticed an orc knight
  1819 | D        | Noticed an orc sorcerer
  1823 | D        | Killed an orc sorcerer
  1825 | D        | Killed an orc knight
  1826 | D        | Killed an orc sorcerer
  1826 | D        | Received a gift from Trog
  1856 | D        | Bought an amulet of Gaogrein {Spirit Str+4} for 454 gold
                  | pieces
  1863 | D        | Bought a pair of twisted boots for 142 gold pieces
  1863 | D        | Identified the +0 pair of boots of Fuxen {rElec Int-5 SInv
                  | Stlth+} (You bought it in a shop in the Dungeon)
  1867 | D        | Bought a scroll of acquirement for 520 gold pieces
  1867 | D        | Acquired the +1 pair of gloves "Lesk" {Int+4}
  2064 | D        | Noticed Josephine
  2072 | D        | Killed Josephine
  2073 | D        | Reached skill level 24 in Axes
  2179 | D        | Noticed a tengu warrior
  2179 | D        | Noticed an orc knight
  2179 | D        | Noticed a green ugly thing
  2181 | D        | Noticed an orc knight
  2183 | D        | Killed a green ugly thing
  2185 | D        | Received a gift from Trog
  2186 | D        | Noticed a deep troll shaman
  2189 | D        | Reached XP level 12. HP: 134/134 MP: 2/11
  2189 | D        | Noticed a spark wasp
  2194 | D        | Reached skill level 15 in Armour
  2194 | D        | Noticed a stone giant
  2207 | D        | Killed a tengu warrior
  2210 | D        | Killed a deep troll shaman
  2211 | D        | Reached skill level 25 in Axes
  2211 | D        | Noticed a tengu warrior
  2214 | D        | Killed a spark wasp
  2214 | D        | Received a gift from Trog
  2223 | D        | Killed a stone giant
  2227 | D        | Killed a tengu warrior
  2235 | D        | Noticed a frost giant
  2237 | D        | Noticed an ettin
  2243 | D        | Killed a frost giant
  2246 | D        | Slain by an ettin

Illustrated notes

Levels and vault maps discovered:
D:        linesprint [early_d, line_temple, items_1, d_10, items_2, lair_1,
          lair_end, items_3, orc_1, orc_end, items_4, d_15, swamp_1, shoals_1,
          snake_1, spider_1, d_20, vaults_1, items_5, swamp_end, shoals_end,
          snake_end, spider_end, vaults_end, d_27, items_6, zot_1, zot_end,
          crypt_end, forest_end, elf_end, slime_end, tomb_end, abyss_end,
          pan_hell_end]

Skill      XL: |  1  2  3  4  5  6  7  8  9 10 11 12 |
---------------+-------------------------------------+-----
Fighting       | 4 7 8 10 11 13 14 16 18 20 21 | 21.9
Axes           | 5 7 9 11 12 15 16 18 20 24 25 | 25.8
Armour         | 3 4 6 8 9 11 13 14 16 | 16.1
Dodging        | 3 4 5 6 7 8 |  8.8
Stealth        | 1 |  1.1

Action                   |  1- 3 |  4- 6 |  7- 9 | 10-12 || total
-------------------------+-------+-------+-------+-------++-------
Melee: Hand axe          |     8 |    10 |       |       ||    18
       Headbutt          |     4 |     4 |     7 |    36 ||    51
       War axe           |       |     6 |    40 |    11 ||    57
       Executioner's axe |       |       |       |   174 ||   174
Invok: Berserk           |     1 |     1 |     2 |     4 ||     8
       Brothers in Arms  |       |       |     1 |     3 ||     4
       Trog's Hand       |       |       |       |     1 ||     1
  Use: Scroll            |       |       |       |     6 ||     6
       Potion            |       |       |       |     4 ||     4
Armor: Animal skin       |       |     1 |       |       ||     1
       Plate armour      |       |     1 |    15 |    96 ||   112
Dodge: Dodged            |     5 |     4 |     7 |    57 ||    73
